 Dungeon Crawl Stone Soup version 0.24.1-14-gf8d2b509d9 (webtiles) character file.

Game seed: 16069901107195136320, levelgen mode: deterministic

52 straszyg the Shooter (level 3, 0/28 HPs)
             Began as a Centaur Arcane Marksman on Sept 24, 2020.
             Killed from afar by Natasha (5 damage)
             ... with a magic dart
             ... on level 2 of the Dungeon.
             The game lasted 00:01:25 (1235 turns).

straszyg the Shooter (Centaur Arcane Marksman)      Turns: 1235, Time: 00:01:26

Health: 0/28       AC:  4    Str: 12    XL:     3   Next: 60%
Magic:  4/4        EV:  9    Int: 12    God:
Gold:   55         SH:  0    Dex: 10    Spells: 3/4 levels left

rFire    . . .     SeeInvis .   a - +0 shortbow
rCold    . . .     Gourm    .   (shield currently unavailable)
rNeg     . . .     Faith    .   e - +0 robe
rPois    .         Spirit   .   (no helmet)
rElec    .         Reflect  .   (no cloak)
rCorr    .         Harm     .   (no gloves)
MR       .....                  (no barding)
Stlth    +.........             (no amulet)
HPRegen  0.09/turn              (no ring)
MPRegen  0.09/turn              (no ring)

@: lethally poisoned (0 -> -3), very quick
A: large, hooves 3, deformed body, speed 2, tough skin 3
a: no special abilities


You were on level 2 of the Dungeon.
You were not hungry.

You visited 1 branch of the dungeon, and saw 2 of its levels.

You collected 55 gold pieces.

Inventory:

Hand Weapons
 a - a +0 shortbow (weapon)
Armour
 e - a +0 robe (worn)
 h - a +0 ring mail
Scrolls
 b - 2 scrolls of blinking {unknown}
 c - 3 scrolls of remove curse {unknown}
 i - a scroll of amnesia {unknown}
 k - a scroll of identify {unknown}
Potions
 g - a potion of berserk rage {unknown}
 j - a potion of curing {unknown}
 l - a potion of might {unknown}
Comestibles
 f - a ration


   Skills:
 * Level 1.3 Fighting
 * Level 4.4 Bows
 + Level 1.3 Dodging
 + Level 1.1 Spellcasting
 + Level 3.1 Hexes


You had 3 spell levels left.
You knew the following spells:

 Your Spells              Type           Power        Failure   Level  Hunger
a - Corona                Hex            #......      9%          1    ##.....

Your spell library contained the following spells:

 Spells                   Type           Power        Failure   Level  Hunger
 Slow                     Hex            #.......     12%         2    ###....
 Inner Flame              Hex/Fire       #.......     43%         3    ####...
 Portal Projectile        Hex/Tloc       #.....       43%         3    ####...
 Cause Fear               Hex            #.........   63%         4    #####..
 Leda's Liquefaction      Hex/Erth       #.........   83%         4    #####..


Dungeon Overview and Level Annotations

Branches:
Dungeon (2/15)

Altars:

Annotations:
D:2 Natasha


Innate Abilities, Weirdness & Mutations

You have hooves in place of feet.
Armour fits poorly on your strangely shaped body.
You cover ground very quickly.
You have extremely tough skin. (AC +3)


Message History

Press: ? - help, Shift-Dir - straight line, f/p - Natasha
Aim: Natasha
Okay, then.
Firing (i - inventory) No suitable missiles.
Press: ? - help, Shift-Dir - straight line, f/p - Natasha
Aim: Natasha
Okay, then.
Natasha claws you.
* * * LOW HITPOINT WARNING * * *
Things that are here:
an arrow; an adder corpse
d - an arrow Natasha casts a spell.
Firing (i - inventory)
d - an arrow (quivered)
Press: ? - help, Shift-Dir - straight line, f/p - Natasha
Aim: Natasha You shoot an arrow.
The arrow closely misses Natasha.
You feel sick.
Natasha stares at you and mumbles some strange words.
The magic dart hits you.
You die...

##...# ###.##
.(#.. .. ..
....#....# ...(.
..# #......#
#####.5.#.#
.....((...#
#####(h@###
..........## #.
####.......####.
#. #............
#.#
#.#.....####.
##.#
#............
#...
....##..#######
.####..#######
#..# .........##
#..#


You could see Natasha and a shadow imp.

Vanquished Creatures
  2 adders (D:2)
  An ooze (D:1)
  A worm (D:2)
  A dart slug (D:1)
  A leopard gecko (D:2)
  2 giant cockroaches (D:1)
  A goblin (D:1)
  2 hobgoblins
  3 jackals (D:1)
  A ball python (D:1)
  3 bats (D:1)
  4 kobolds (D:1)
  4 rats (D:1)
26 creatures vanquished.

Notes
Turn   | Place    | Note
-------+----------+-------------------------------------------
     0 | D:1      | straszyg the Centaur Arcane Marksman began the quest for
                  | the Orb.
     0 | D:1      | Reached XP level 1. HP: 16/16 MP: 2/2
   123 | D:1      | Reached skill level 3 in Bows
   123 | D:1      | Reached XP level 2. HP: 23/23 MP: 3/3
   959 | D:2      | Reached XP level 3. HP: 28/28 MP: 4/4
  1059 | D:2      | Reached skill level 4 in Bows
  1224 | D:2      | Noticed Natasha
  1235 | D:2      | Killed from afar by Natasha

Levels and vault maps discovered:
D:1:      onia_arrival_mini_maze_b, layout_loops_ring
D:2:      layout_loops_ring, chequers_ecumenical_altar_island,
          minmay_tetromino_i2, uniq_natasha

Skill      XL: |  1  2  3 |
---------------+----------+-----
Hexes          | 3 |  3.1
Bows           | 3 4 |  4.4
Fighting       | |  1.3
Dodging        | |  1.3
Spellcasting   | |  1.1

Action                   || total
-------------------------++-------
 Fire: Shortbow          ||    86
Armor: Robe              ||    17
Dodge: Dodged            ||    21
